 Dungeon Crawl Stone Soup version 0.26-a0-652-gafc20e3620 (webtiles) character file.

Game seed: 2813610607859388564

203315 reriks the Peltast (level 19, -22/157 HPs)
             Began as a Formicid Fighter on Oct 2, 2020.
             Was the Champion of Qazlal.
             Annihilated by a sphinx (28 damage)
             ... led by a vault warden
             ... on level 1 of the Vaults.
             The game lasted 01:29:10 (42740 turns).

reriks the Peltast (Formicid Fighter)              Turns: 42740, Time: 01:29:10

Health: -22/157    AC: 25    Str: 29    XL:     19   Next: 31%
Magic:  28/28      EV: 13    Int:  8    God:    Qazlal [******]
Gold:   538        SH: 33    Dex:  8    Spells: 18/18 levels left

rFire    + . .     SeeInvis +   Q - +7 mace of Variability {chain chaos}
rCold    + + +     Faith    .   W - +3 tower shield {rPois}
rNeg     . . .     Spirit   .   P - +7 chain mail "Katrid Coisa" {rF+ rCorr}
rPois    +         Reflect  .   (helmet unavailable)
rElec    +         Harm     .   j - +1 cloak
rCorr    +         Rampage  .   i - +0 pair of gloves
MR       +....                  G - +0 pair of boots
Stlth    ..........             T - amulet of regeneration
HPRegen  0.76/turn              M - ring of the Twisting Priest {rElec rPois rC++}
MPRegen  0.21/turn              a - ring of protection from cold

@: lethally poisoned (-22 -> -30), protected from physical damage, studying 2
skills, repel missiles
A: permanent stasis, dig shafts and tunnels, four strong arms, antennae 3,
blurry vision 1, clumsy 1, deformed body
}: 1/15 runes: serpentine
a: Dig, Shaft Self, Upheaval, Elemental Force, Disaster Area, Renounce Religion


You were on level 1 of the Vaults.
You worshipped Qazlal.
Qazlal was exalted by your worship.
You visited 6 branches of the dungeon, and saw 29 of its levels.
You also visited: Ossuary, Bailey, Gauntlet and Volcano.

You collected 3178 gold pieces.
You spent 2640 gold pieces at shops.

Inventory:

Hand Weapons
 s - a +0 great mace of freezing
 C - a +8 great mace of flaming
 Q - the +7 mace of Variability (weapon) {chain chaos}
   (You bought it in a shop on level 2 of the Orcish Mines)

   Each time it hits an enemy it has a different, random effect.
 S - the +10 shortbow of Benn {flame, rPois MR+ Int+4 Dex-5, unknown}
   (You found it on level 3 of the Snake Pit)

   It causes projectiles fired from it to burn those they strike, causing extra
   injury to most foes and up to half again as much damage against particularly
   susceptible opponents.
   It affects your intelligence (+4).
   It affects your dexterity (-5).
   It protects you from poison.
   It affects your resistance to hostile enchantments.
Armour
 i - a +0 pair of gloves (worn)
 j - a +1 cloak (worn)
 D - +0 fire dragon scales
 G - a +0 pair of boots (worn)
 P - the +7 chain mail "Katrid Coisa" (worn) {rF+ rCorr}
   (You took it off a minotaur in a Gauntlet)

   It protects you from fire.
   It provides partial protection from all sources of acid and corrosion.
 W - a +3 tower shield of poison resistance (worn)
Jewellery
 a - a ring of protection from cold (right hand)
 c - an uncursed ring of positive energy
 w - an uncursed ring of ice
 x - an uncursed ring of magical power
 z - an uncursed ring of fire
 A - an uncursed ring of protection from fire
 B - an uncursed amulet of faith
 H - the ring "Micwuogh" {Fire rElec rPois}
   (You found it on level 10 of the Dungeon)

   [ring of fire]

   It enhances your fire magic.
   It protects you from fire.
   It makes you vulnerable to cold.
   It insulates you from electricity.
   It protects you from poison.
 J - an uncursed amulet of magic regeneration
 M - the ring of the Twisting Priest (left hand) {rElec rPois rC++}
   (You acquired it on level 2 of the Snake Pit)

   [ring of poison resistance]

   It greatly protects you from cold.
   It insulates you from electricity.
   It protects you from poison.
 T - an amulet of regeneration (around neck)
Wands
 n - a wand of flame (57)
 u - a wand of acid (3)
 U - a wand of enslavement (4)
 V - a wand of iceblast (10)
Scrolls
 b - 2 scrolls of magic mapping
 f - 6 scrolls of fear
 g - a scroll of summoning
 l - 2 scrolls of amnesia
 v - 20 scrolls of remove curse
 K - 9 scrolls of identify
 O - a scroll of fog
 R - a scroll of silence
Potions
 d - 4 potions of haste
 e - 3 potions of resistance
 h - 4 potions of lignification
 k - 2 potions of magic
 m - a potion of ambrosia
 o - 2 potions of heal wounds
 p - 3 potions of cancellation
 q - 3 potions of flight
 r - 5 potions of brilliance
 t - 6 potions of mutation
 E - 12 potions of degeneration
 F - 5 potions of stabbing
 I - 2 potions of berserk rage
 L - 12 potions of curing
 N - a potion of invisibility {unknown}
Books
 y - a manual of Crossbows
 Y - a manual of Unarmed Combat


   Skills:
 * Level 16.1 Fighting
 * Level 14.8 Maces & Flails
 * Level 16.0 Armour
 + Level 10.0 Dodging
 * Level 17.4 Shields
 + Level 12.0 Invocations


You had 18 spell levels left.
You didn't know any spells.
Your spell library contained the following spells:

 Spells                   Type           Power        Failure   Level
 Animate Skeleton         Necr           #.....       80%         1
 Apportation              Tloc           #.....       80%         1
 Beastly Appendage        Tmut           #.....       80%         1
 Corona                   Hex            #......      80%         1
 Foxfire                  Conj/Fire      #...         80%         1
 Magic Dart               Conj           #...         80%         1
 Pain                     Necr           #...         80%         1
 Shock                    Conj/Air       #...         80%         1
 Sting                    Tmut/Pois      #...         80%         1
 Summon Small Mammal      Summ           #...         80%         1
 Call Imp                 Summ           #.......     91%         2
 Ensorcelled Hibernation  Hex/Ice        #.....       91%         2
 Poisonous Vapours        Pois/Air       #.....       91%         2
 Slow                     Hex            #.......     91%         2
 Sublimation of Blood     Necr           #.........   91%         2
 Wereblood                Tmut           #.......     91%         2
 Confusing Touch          Hex            #.......     99%         3
 Conjure Flame            Conj/Fire      #.......     99%         3
 Dazzling Flash           Conj/Hex       #.....       99%         3
 Frozen Ramparts          Ice            #.....       99%         3
 Ignite Poison            Fire/Tmut/Pois #.......     99%         3
 Inner Flame              Hex/Fire       #.......     99%         3
 Mephitic Cloud           Conj/Pois/Air  #.......     99%         3
 Portal Projectile        Hex/Tloc       #.....       99%         3
 Spider Form              Tmut/Pois      #.........   99%         3
 Static Discharge         Conj/Air       #.......     99%         3
 Tukima's Dance           Hex            #.......     99%         3
 Vampiric Draining        Necr           #.........   99%         3
 Airstrike                Air            #.........   100%        4
 Animate Dead             Necr           #.........   100%        4
 Cause Fear               Hex            #.........   100%        4
 Ice Form                 Ice/Tmut       #.......     100%        4
 Leda's Liquefaction      Hex/Erth       #.........   100%        4
 Olgreb's Toxic Radiance  Pois           #.......     100%        4
 Agony                    Necr           #.......     100%        5
 Blade Hands              Tmut           #.........   100%        5
 Borgnjor's Vile Clutch   Necr/Erth      #.........   100%        5
 Lightning Bolt           Conj/Air       #.........   100%        5
 Metabolic Englaciation   Hex/Ice        #.........   100%        5
 Silence                  Hex/Air        #.........   100%        5
 Yara's Violent Unravell  Hex/Tmut       #.........   100%        5
 Death Channel            Necr           #.........   100%        6
 Freezing Cloud           Conj/Ice/Air   #.........   100%        6
 Simulacrum               Ice/Necr       #.........   100%        6
 Dragon Form              Tmut           #.........   100%        7
 Discord                  Hex            #.........   100%        8
 Dragon's Call            Summ           #.........   100%        9
 Blink                    Tloc           Unusable     N/A         2
 Swiftness                Air            Unusable     N/A         2

Dungeon Overview and Level Annotations

Branches:
Dungeon (15/15)            Temple (1/1) D:6            Lair (6/6) D:10
 Shoals (0/4) Lair:2        Snake (4/4) Lair:3        Slime (0/5) Lair:5
    Orc (2/2) D:10            Elf (0/3) Orc:2        Vaults (1/5) D:14
 Depths (0/5) D:15        Ossuary (visited)          Bailey (visited)
Volcano (visited)         Gauntlet (visited)

Altars:
Ashenzari
Cheibriados
Elyvilon
Fedhas
Gozag
Kikubaaqudgha
Makhleb
Nemelex Xobeh
Okawaru
Qazlal
Ru
Sif Muna
Trog
Vehumet
Wu Jian
Xom
Yredelemnul
Zin
Beogh
Lugonu

Shops:
D:8 }   D:10 =   Orc:2 =[*(

Annotations:
D:3 1 runed translucent door, mammut's ghost, amateur PaAM
D:11 exclusion: orange crystal statue
D:15 1 runed translucent door
Lair:1 exclusion: oklob plant
Lair:5 exclusion: 3 oklob plants


Innate Abilities, Weirdness & Mutations

You cannot be hasted, slowed, berserked, paralysed or teleported.
You can dig through walls and to a lower floor.
Your four strong arms can wield two-handed weapons with a shield.
You have a pair of large antennae on your head. (SInv)
Scrolls take you a little longer to read.
You are clumsy. (Dex -2)
Armour fits poorly on your strangely shaped body.


Message History

The phantasmal warrior is severely damaged.
The arc of chaos hits the flayed ghost.
The flayed ghost completely resists.
The flayed ghost is severely damaged.
The arc of chaos hits the vault guard.
The vault guard is moderately wounded.
The arc of chaos hits the ironheart preserver!
The ironheart preserver is lightly wounded.
The arc of chaos hits the ironheart preserver!
The ironheart preserver is moderately wounded.
The arc of chaos hits the vault guard.
The vault guard is moderately wounded.
The arc of chaos hits the sphinx.
The sphinx goes berserk!
The flayed ghost is severely damaged.
* * * LOW HITPOINT WARNING * * *
You feel sick. You block the sphinx's attack.
The sphinx hits you but does no damage. You block the sphinx's attack.
The flayed ghost cries, "Suffer as I suffered!"
You block the ironheart preserver's attack.
You block the vault guard's attack. The sphinx hits you!!
You die...

...### ...... ..... {
..)# ####+##### {{
#$°§☼.....
#++##########HpW......
#...........#p@)p.....
#.....[...(.+°WG......
#...........#..!......
...###+#####.(.......
.. #.......##########
. #.......# #.......#
#...##### +...'...#


You could see an ironheart preserver, a sphinx (berserk), a vault warden
(strong), a vault guard (petrifying, drained), a great orb of eyes, a flayed
ghost (fast) and a phantasmal warrior.

Vanquished Creatures
  Jorgrun (Snake:1)
  9 nagarajas
  The ghost of Kicir the Blocker, an adept GnFi of Okawaru (Snake:1)
  A fire giant (Vaults:1)
  A cacodemon (Gauntlet)
  An orc warlord (Orc:1)
  2 vault wardens (Vaults:1)
  An ironheart preserver (Vaults:1)
  Nessos (Orc:2)
  A minotaur (Gauntlet)
  A red draconian (Volcano)
  Snorg (Lair:6)
  A deep elf death mage (Vaults:1)
  A fire dragon (D:10)
  6 vault guards
  An ice dragon (D:15)
  27 naga warriors
  7 hydras
  2 centaur warriors
  8 two-headed ogres
  A catoblepas (Lair:6)
  4 anacondas
  An ogre mage (Volcano)
  A merfolk avatar (Lair:6)
  A hell hog (Vaults:1)
  28 naga sharpshooters
  A dancing weapon (Snake:2)
  8 shock serpents
  2 orc high priests
  Urug (Lair:2)
  Nergalle (D:10)
  A shadow wraith (Vaults:1)
  A sea snake (Lair:6)
  3 deep elf archers (Vaults:1)
  2 unseen horrors
  A glowing orange brain (Vaults:1)
  2 ironbrand convokers (Vaults:1)
  7 naga ritualists
  A wolf spider zombie (D:14)
  7 orc knights
  7 mana vipers
  2 wolf spiders
  A cyclops (shapeshifter) (D:14)
  A harpy (Lair:6)
  10 ugly things (D:15)
  6 orc sorcerers
  A deep elf mage (Vaults:1)
  A manticore (D:13)
  12 salamanders
  6 cyclopes
  2 vault sentinels (Vaults:1)
  3 guardian serpents
  2 elephants (Lair:6)
  25 naga magi
  Joseph (Lair:1)
  A cane toad (shapeshifter) (D:14)
  A gargoyle (D:11)
  33 black mambas
  2 molten gargoyles (Volcano)
  5 rime drakes
  15 cane toads
  13 komodo dragons
  4 yaktaurs (Vaults:1)
  An efreet (D:15)
  2 freezing wraiths (Vaults:1)
  A komodo dragon (shapeshifter) (D:15)
  5 polar bears
  6 trolls
  A wind drake (Lair:6)
  6 hornets
  9 slime creatures
  13 blink frogs
  7 dream sheep (Lair:6)
  9 hippogriffs
  A snapping turtle (Lair:2)
  A human simulacrum (Vaults:1)
  2 wyverns
  A shadow (D:14)
  2 wraiths
  A vampire (D:12)
  3 basilisks
  46 yaks
  2 fire bats (Volcano)
  A steam dragon (Gauntlet)
  6 wargs
  9 vampire mosquitoes
  A soldier ant (D:13)
  An acid dragon (Vaults:1)
  53 nagas
  25 water moccasins
  6 porcupines
  3 ice beasts
  3 sky beasts
  4 black bears
  2 eyes of draining
  2 phantoms
  41 orc warriors
  A necrophage (D:15)
  10 wolves
  7 boggarts
  16 ogres
  10 centaurs
  14 crocodiles
  A big kobold (D:9)
  15 bullfrogs
  2 wyvern zombies (D:14)
  A wyvern skeleton (D:14)
  3 scorpions
  8 killer bees
  7 wights
  2 vampire bats (Orc:1)
  An electric eel (Lair:2)
  3 centaur zombies
  3 lava snakes (Volcano)
  2 bullfrog zombies (D:13)
  8 hounds
  A quasit (D:8)
  A jelly (D:13)
  10 orc wizards
  14 orc priests
  3 bullfrog skeletons
  6 centaur skeletons
  Jessica (D:3)
  3 iguanas
  14 worker ants
  5 hell rats (Lair:6)
  A hound zombie (D:6)
  8 mummies (Ossuary)
  A hound skeleton (D:6)
  A howler monkey zombie (D:8)
  A worker ant zombie (D:7)
  13 adders
  6 gnolls
  A shadow imp (D:7)
  3 white imps
  3 ufetubi
  An ooze (D:2)
  An adder skeleton (D:7)
  A worm (D:4)
  2 leopard geckos
  78 orcs
  4 giant cockroaches
  2 gnoll zombies (Ossuary)
  16 goblins
  10 hobgoblins
  15 jackals
  17 kobolds
  2 quokkas
  2 ball pythons
  A ball python skeleton (D:4)
  11 bats
  3 frilled lizards
  2 hobgoblin zombies (Ossuary)
  3 kobold zombies (Ossuary)
  An orc zombie (Ossuary)
  A quokka skeleton (D:5)
  10 rats
971 creatures vanquished.

Vanquished Creatures (collateral kills)
  An ogre mage (Orc:1)
  An orc wizard (Orc:1)
2 creatures vanquished.

Vanquished Creatures (others)
  A centaur warrior (Vaults:1)
  A naga ritualist (Snake:4)
  A black mamba (Snake:1)
  39 fungi
  76 plants
118 creatures vanquished.

Grand Total: 1091 creatures vanquished

Notes
Turn   | Place    | Note
-------+----------+-------------------------------------------
     0 | D:1      | reriks the Formicid Fighter began the quest for the Orb.
     0 | D:1      | Reached XP level 1. HP: 18/18 MP: 1/1
   339 | D:1      | Reached XP level 2. HP: 24/24 MP: 2/2
   896 | D:1      | Reached XP level 3. HP: 29/29 MP: 3/3
  1332 | D:2      | Reached skill level 4 in Shields
  1554 | D:2      | Reached XP level 4. HP: 37/37 MP: 4/4
  1710 | D:2      | Reached skill level 1 in Dodging
  1716 | D:2      | Reached XP level 5. HP: 20/42 MP: 5/5
  2156 | D:3      | Found a runed translucent door.
  2157 | D:3      | Noticed a bullfrog
  2158 | D:3      | Noticed mammut's ghost (amateur PaAM)
  2317 | D:3      | HP: 1/42 [orc/cursed +0 club (3)]
  2820 | D:3      | Noticed Jessica
  2834 | D:3      | Killed Jessica
  3306 | D:4      | Reached XP level 6. HP: 43/49 MP: 6/6
  4152 | D:4      | Reached skill level 5 in Shields
  4652 | D:5      | Entered Level 5 of the Dungeon
  4747 | D:5      | Found an opulent altar of Gozag.
  4808 | D:5      | Reached XP level 7. HP: 47/55 MP: 7/7
  5109 | D:5      | Found a sand-covered staircase.
  5118 | Ossuary  | Entered an ossuary
  5172 | Ossuary  | Reached skill level 5 in Fighting
  5575 | Ossuary  | Reached skill level 5 in Armour
  6247 | D:5      | Reached skill level 6 in Shields
  6247 | D:5      | Reached XP level 8. HP: 32/63 MP: 8/8
  7381 | D:6      | Reached skill level 5 in Maces & Flails
  7503 | D:6      | Found a staircase to the Ecumenical Temple.
  7511 | Temple   | Entered the Ecumenical Temple
  7624 | Temple   | Became a worshipper of Qazlal Stormbringer
  7718 | D:6      | Reached XP level 9. HP: 68/70 MP: 9/9
  7800 | D:6      | Reached skill level 7 in Shields
  8231 | D:6      | Found a blossoming altar of Fedhas.
  8231 | D:6      | Found an ornate altar of the Wu Jian Council.
  8465 | D:7      | Reached skill level 1 in Invocations
  9213 | D:7      | Got a transparent leather armour
  9214 | D:7      | Identified the +3 leather armour of Monotheism {Str+2} (You
                  | found it on level 7 of the Dungeon)
  9981 | D:8      | Reached * piety under Qazlal
 10201 | D:8      | Reached skill level 8 in Shields
 10312 | D:8      | Reached XP level 10. HP: 71/79 MP: 11/11
 10735 | D:8      | Found Uheat's Gadget Emporium.
 10735 | D:8      | Noticed a two-headed ogre
 10743 | D:8      | Killed a two-headed ogre
 12027 | D:8      | Found a basalt altar of Yredelemnul.
 12027 | D:8      | Found an iron altar of Okawaru.
 12027 | D:8      | Found a radiant altar of Vehumet.
 12027 | D:8      | Found a burning altar of Makhleb.
 12034 | D:8      | Found a glowing silver altar of Zin.
 12047 | D:8      | Found a white marble altar of Elyvilon.
 12307 | D:9      | Reached ** piety under Qazlal
 12307 | D:9      | Reached skill level 9 in Shields
 13295 | D:9      | Found an ancient bone altar of Kikubaaqudgha.
 13484 | D:10     | Entered Level 10 of the Dungeon
 13635 | D:10     | Got a scorched platinum ring
 13667 | D:10     | Found Orphoigg's Jewellery Emporium.
 13745 | D:10     | Found a staircase to the Lair.
 13745 | D:10     | Noticed a fire dragon
 14017 | D:9      | Reached XP level 11. HP: 79/87 MP: 14/14
 14481 | D:10     | Noticed an orc knight
 14492 | D:10     | Killed an orc knight
 14840 | D:11     | Noticed a cyclops
 15429 | D:11     | Noticed a two-headed ogre
 15443 | D:11     | Killed a two-headed ogre
 15443 | D:11     | Reached skill level 10 in Shields
 15446 | D:11     | Reached skill level 5 in Invocations
 15512 | D:11     | Noticed an orange crystal statue
 15566 | D:11     | Reached skill level 5 in Dodging
 16194 | D:10     | Noticed Nergalle
 16321 | D:10     | Killed Nergalle
 16393 | D:10     | Identified the ring "Micwuogh" {Fire rElec rPois} (You
                  | found it on level 10 of the Dungeon)
 17020 | D:10     | Noticed an orc knight
 17040 | D:9      | Reached XP level 12. HP: 62/97 MP: 16/16
 17786 | D:10     | Killed a fire dragon
 17786 | D:10     | Reached skill level 10 in Fighting
 18366 | D:10     | Reached skill level 10 in Armour
 18412 | D:10     | Found a roughly hewn altar of Beogh.
 18447 | D:10     | Found a staircase to the Orcish Mines.
 18906 | D:12     | Reached skill level 11 in Shields
 19012 | D:12     | Reached *** piety under Qazlal
 19173 | Lair:1   | Entered Level 1 of the Lair of Beasts
 19264 | Lair:1   | Noticed Joseph
 19275 | Lair:1   | Killed Joseph
 19990 | Lair:1   | Found a blossoming altar of Fedhas.
 20825 | Lair:2   | Reached XP level 13. HP: 104/104 MP: 17/17
 21001 | Lair:2   | Noticed Urug
 21121 | Lair:2   | Killed Urug
 21942 | Lair:2   | Found a staircase to the Shoals.
 22523 | Lair:3   | Reached skill level 10 in Maces & Flails
 22542 | Lair:3   | Reached skill level 12 in Shields
 22753 | Lair:3   | Found a dark tunnel.
 22759 | Volcano  | Entered a volcano
 22812 | Volcano  | Reached **** piety under Qazlal
 23266 | Volcano  | Found a radiant altar of Vehumet.
 23344 | Volcano  | Noticed a red draconian
 23375 | Volcano  | Killed a red draconian
 23731 | Lair:3   | Found a staircase to the Snake Pit.
 23914 | Lair:3   | Found a glowing silver altar of Zin.
 24373 | D:10     | Bought an uncursed amulet of regeneration for 360 gold
                  | pieces
 24585 | Lair:4   | Noticed a five-headed hydra
 24599 | Lair:4   | Killed a five-headed hydra
 24941 | Lair:4   | Reached XP level 14. HP: 114/114 MP: 19/19
 26343 | Lair:5   | Reached skill level 13 in Shields
 26468 | Lair:5   | Reached ***** piety under Qazlal
 26867 | Lair:5   | Found a staircase to the Slime Pits.
 27219 | Lair:6   | Entered Level 6 of the Lair of Beasts
 27368 | Lair:6   | Noticed Snorg
 27448 | Lair:6   | HP: 4/174 [Snorg (8)]
 27454 | Lair:6   | Killed Snorg
 27790 | Orc:1    | Entered Level 1 of the Orcish Mines
 28325 | Orc:2    | Entered Level 2 of the Orcish Mines
 28383 | Orc:2    | Noticed an orc warlord
 28393 | Orc:2    | Reached XP level 15. HP: 118/122 MP: 21/21
 28483 | Orc:1    | Killed an orc warlord
 28654 | Orc:2    | Noticed Nessos
 28776 | Orc:2    | Killed Nessos
 28847 | Orc:2    | Found a staircase to the Elven Halls.
 28866 | Orc:2    | Found Yzxal's General Store.
 28880 | Orc:2    | Found Xetwon's Antique Armour Emporium.
 28914 | Orc:2    | Found Mevebrocse's Jewellery Emporium.
 29059 | Orc:2    | Found Sijis's Antique Weapon Boutique.
 29082 | Orc:2    | Reached skill level 14 in Shields
 29578 | Orc:1    | You fall into a shaft and drop 1 floor!
 30193 | D:12     | Found a corrupted altar of Lugonu.
 31605 | D:13     | You fall into a shaft and drop 2 floors!
 31605 | D:15     | Entered Level 15 of the Dungeon
 31605 | D:15     | Found a runed translucent door.
 31764 | D:15     | Identified the cursed +1 robe of the Meadowlark {MR+}
 31801 | D:15     | Found a gate leading to a gauntlet.
 31810 | Gauntlet | Entered a Gauntlet
 31810 | Gauntlet | Found a transporter.
 31810 | Gauntlet | Found a transporter.
 31857 | Gauntlet | Found a transporter.
 31869 | Gauntlet | Found a transporter.
 31887 | Gauntlet | Found a transporter.
 31887 | Gauntlet | Found a transporter.
 31889 | Gauntlet | Found a transporter.
 31889 | Gauntlet | Found a transporter.
 31890 | Gauntlet | Found a transporter.
 31909 | Gauntlet | Found a transporter.
 31916 | Gauntlet | Found the -2 hat of the Alchemist {rElec rPois rF+ rC+ rN+
                  | MR+ rMut rCorr}
 31916 | Gauntlet | Found a transporter.
 31926 | Gauntlet | Found a transporter.
 31928 | Gauntlet | Noticed a cacodemon
 31944 | Gauntlet | Found a transporter.
 31961 | Gauntlet | Found a transporter.
 32038 | Gauntlet | Noticed a storm dragon
 32053 | Gauntlet | Noticed a ghost moth
 32053 | Gauntlet | a storm dragon changed into a ghost moth
 32072 | Gauntlet | Gained mutation: You are clumsy. (Dex -2) [a cacodemon]
 32089 | Gauntlet | Gained mutation: Scrolls take you a little longer to read.
                  | [a cacodemon]
 32091 | Gauntlet | Gained mutation: Armour fits poorly on your strangely
                  | shaped body. [a cacodemon]
 32096 | Gauntlet | Killed a cacodemon
 32136 | Gauntlet | Identified the +7 chain mail "Katrid Coisa" {rF+ rCorr}
 32572 | D:14     | Found a flagged portal.
 32597 | Bailey   | Entered a bailey
 32639 | Bailey   | Reached XP level 16. HP: 131/131 MP: 23/23
 33187 | D:14     | Found a gate to the Vaults.
 33869 | Lair:6   | Reached skill level 10 in Invocations
 33882 | Lair:6   | Reached skill level 15 in Shields
 34343 | Lair:6   | Identified the Disquisition on Glacial Darkness
 34858 | Snake:1  | Entered Level 1 of the Snake Pit
 34976 | Snake:1  | Reached ****** piety under Qazlal
 35143 | Snake:1  | Noticed Jorgrun
 35157 | Snake:2  | Noticed a nagaraja
 35178 | Snake:2  | Killed a nagaraja
 35301 | Snake:1  | Killed Jorgrun
 35884 | Snake:2  | Identified the +7 spear "Gikhits" {flame, Int+3}
 36067 | Snake:2  | Reached XP level 17. HP: 137/140 MP: 11/24
 36846 | Snake:2  | Found a runed translucent door.
 36847 | Snake:2  | Found a shimmering altar of Xom.
 36847 | Snake:2  | Noticed Kicir's ghost (adept GnFi)
 36855 | Snake:2  | Identified a scroll of acquirement
 36855 | Snake:2  | Acquired the ring of the Twisting Priest {rElec rPois rC++}
 37083 | Snake:1  | Killed Kicir's ghost
 37557 | Snake:2  | Reached skill level 16 in Shields
 37951 | Snake:3  | Reached skill level 15 in Fighting
 38178 | Snake:3  | Got a warped shortbow
 38197 | Snake:3  | Reached skill level 15 in Armour
 38614 | Snake:3  | Reached XP level 18. HP: 140/149 MP: 26/26
 39448 | Snake:4  | Entered Level 4 of the Snake Pit
 40779 | Snake:4  | Reached skill level 17 in Shields
 41511 | Orc:2    | Bought the +7 mace of Variability {chain chaos} for 2280
                  | gold pieces
 41511 | Orc:2    | Found the +7 mace of Variability {chain chaos}
 41977 | Snake:4  | Reached XP level 19. HP: 150/157 MP: 27/27
 42035 | Snake:4  | Got a serpentine rune of Zot
 42451 | Vaults:1 | Entered Level 1 of the Vaults
 42713 | Vaults:1 | Reached skill level 10 in Dodging
 42739 | Vaults:1 | HP: 7/157 [vault warden/+3 halberd of venom (42)]
 42740 | Vaults:1 | Annihilated by a sphinx

Illustrated notes

Levels and vault maps discovered:
D:1:      lightli_arrival_flooded_house, layout_loops_corners,
          minmay_misc_feat_iff, minivault_14
D:2:      layout_rooms
D:3:      layout_basic, ebering_ghost_sewer_d, kennysheep_generic_room_9,
          uniq_jessica
D:4:      layout_gridville
D:5:      layout_loops_ring, nicolae_ossuary_entry_ruins,
          grunt_gozag_breadcrumbs
D:6:      layout_rooms, gammafunk_temple_overflow_elements, temple_green
D:7:      layout_basic, kennysheep_generic_room_6
D:8:      layout_rooms, minmay_overflow_temple_hex, serial_shops,
          nicolae_shop_crystal
D:9:      layout_loops_ring, lemuel_coloured_pillars_altar,
          nicolae_zen_rock_garden
D:10:     layout_roguey, minmay_lair_entry_lava, david_orc_5, serial_shops,
          shop_statue, grunt_decor_cap, uniq_nergalle
D:11:     layout_roguey, minivault_16
D:12:     layout_basic, kennysheep_decorative_pillar, tgw_lugonu_bribe
D:13:     layout_cave_pods
D:14:     layout_basic, lightli_vaults_fourway_checkpoint, enter_bailey_7,
          chequers_serial_rivers_micro_c
D:15:     grunt_enter_depths_hoard, layout_rooms, minmay_misc_feat_nine_boxes,
          ebering_ghost_reflecting_pool, gauntlet_entry_generic
Temple:   nicolae_temple_figure_eight
Lair:1:   layout_hall_layers, chequers_serial_rivers_micro_a, tgw_fedhas,
          uniq_joseph
Lair:2:   layout_regular_city, minmay_shoals_entry_hut, serial_bayou_shore_b,
          lemuel_fruit_tree, uniq_urug
Lair:3:   layout_misc_corridors, minmay_snake_entry_six_corridors,
          nicolae_volcano_entry_two_sided, basic_altar
Lair:4:   layout_loops_ring
Lair:5:   layout_cave_shapes, minmay_slime_entry_oklob_enclosed,
          chequers_serial_rivers_large_a, kilobyte_rumbling_trees,
          minmay_lair_oklob_chamber
Lair:6:   gammafunk_lair_ancient_temple, layout_loops_ring, st_stairs_7,
          minivault_26, chequers_serial_rivers_micro_d, uniq_snorg
Snake:1:  layout_misc_corridors, uniq_jorgrun
Snake:2:  layout_basic, ebering_ghost_xom
Snake:3:  layout_chambers
Snake:4:  snake_pit, layout_cave_shapes, grunt_ministairs_3
Orc:1:    layout_caves, roderic_batcave, guppyfry_orc_lava_fort
Orc:2:    grunt_orc_gardens, layout_caves, grunt_orc_garden, grunt_orc_garden,
          grunt_orc_garden, grunt_orc_garden, uniq_nessos
Vaults:1: ontoclasm_vaults_gateway, vaults_mumra_lcd,
          nicolae_vaults_network_periphery, nicolae_vaults_disjoint_gnomons,
          vaults_room_corners, hangedman_vaults_snaps,
          hangedman_vaults_stretched_pinwheel, dpeg_vaults_monster_box,
          grunt_vaults_twisty, nicolae_vaults_ring_of_whatevers,
          vaults_dpeg_encased_lava, v_misc_14, nicolae_vaults_little_squares_2,
          v_misc_19, layout_vaults_maze_snakey, nicolae_trove_entry_crossroad

Skill      XL: |  1  2  3  4  5  6  7  8  9 10 11 12 13 14 15 16 17 18 19 |
---------------+----------------------------------------------------------+-----
Shields        | 4 5 6 8 9 10 11 12 13 14 15 16 17 | 17.4
Fighting       | 4 5 6 7 8 9 10 11 12 13 14 15 16 | 16.1
Dodging        | 1 2 3 4 5 6 7 8 9 10 | 10.0
Armour         | 4 5 6 7 8 9 10 11 12 13 14 15 16 | 16.0
Maces & Flails | 3 4 5 6 7 8 9 10 11 12 13 14 | 14.8
Invocations    | 2 4 5 6 7 8 9 10 11 12 | 12.0

Action                   |  1- 3 |  4- 6 |  7- 9 | 10-12 | 13-15 | 16-18 | 19-21 || total
-------------------------+-------+-------+-------+-------+-------+-------+-------++-------
Melee: Flail             |   126 |   230 |   418 |  1002 |   210 |       |       ||  1986
       Great mace        |       |       |       |       |   874 |  1126 |    88 ||  2088
Invok: Upheaval          |       |       |       |     1 |     1 |       |       ||     2
       Elemental Force   |       |       |       |       |     1 |       |       ||     1
       Disaster Area     |       |       |       |       |     4 |     5 |     1 ||    10
 Abil: Dig               |       |       |       |     3 |     7 |     1 |       ||    11
Evoke: Wand              |       |       |     1 |    18 |    17 |     5 |       ||    41
  Use: Scroll            |       |     8 |     9 |    10 |     8 |    10 |       ||    45
       Potion            |       |     1 |     6 |     3 |     6 |     1 |       ||    17
 Stab: Petrified         |       |       |       |       |       |     6 |       ||     6
       Held in net/web   |       |       |       |       |       |       |     1 ||     1
Armor: Scale mail        |    71 |   100 |   109 |    43 |       |       |       ||   323
       Plate armour      |       |       |       |   299 |   267 |       |       ||   566
       Skin              |       |       |       |     3 |    15 |       |       ||    18
       Fire dragon scale |       |       |       |       |    28 |       |       ||    28
       Chain mail        |       |       |       |       |    16 |   217 |    37 ||   270
Dodge: Dodged            |    55 |    77 |   142 |   269 |   258 |   271 |    29 ||  1101
       Repelled          |       |       |       |       |     3 |    31 |     1 ||    35
Block: Kite shield       |    79 |   149 |   250 |   715 |   199 |       |       ||  1392
       Tower shield      |       |       |       |       |  1196 |  1809 |   170 ||  3175

Table legend: (Time is in decaauts)
 A = Elapsed time spent in this place.
 B = Non-inter-level travel time spent in this place.
 C = Inter-level travel time spent in this place.
 D = Time resting spent in this place.
 E = Time spent auto-exploring this place.
 F = Levels seen in this place.
 G = Mean time per level.
                   A        B        C        D        E       F      G
               +--------+--------+--------+--------+--------+-----+--------+
         Total |  43210 |  39879 |   3331 |  15999 |  14887 |  33 | 1309.4 |
       Dungeon |  22169 |  20469 |   1700 |   8587 |   7684 |  15 | 1477.9 |
        Temple |    134 |    114 |     20 |      0 |    109 |   1 |  134.0 |
          Lair |   9017 |   8235 |    782 |   3185 |   3509 |   6 | 1502.8 |
     Snake Pit |   7158 |   6708 |    450 |   2823 |   2144 |   4 | 1789.5 |
  Orcish Mines |   1973 |   1594 |    379 |    288 |    831 |   2 |  986.5 |
        Vaults |    190 |    190 |      0 |      4 |     61 |   1 |  190.0 |
       Ossuary |    902 |    902 |      0 |    622 |    111 |   1 |  902.0 |
        Bailey |    153 |    153 |      0 |      0 |     27 |   1 |  153.0 |
       Volcano |    945 |    945 |      0 |    278 |    284 |   1 |  945.0 |
      Gauntlet |    565 |    565 |      0 |    212 |    127 |   1 |  565.0 |
               +--------+--------+--------+--------+--------+-----+--------+

Top non-repeatable levels by time:
 Snake:3: 2729 daAuts
    D:10: 2486 daAuts
     D:7: 2447 daAuts
     D:9: 2182 daAuts
    D:11: 1950 daAuts
 Snake:2: 1770 daAuts
    D:12: 1753 daAuts
  Lair:1: 1691 daAuts
     D:8: 1690 daAuts
  Lair:4: 1657 daAuts
     D:5: 1652 daAuts
  Lair:2: 1576 daAuts
  Lair:5: 1522 daAuts
 Snake:4: 1502 daAuts
     D:3: 1423 daAuts
